 Dungeon Crawl Stone Soup version 0.31-a0-824-ge5246a80f4 (webtiles) character file.

Game seed: 6268616706689510365

3 qw the Shooter (level 1, 0/12 HPs)
             Began as a Gargoyle Hunter on Sept 23, 2023.
             Slain by a kobold
             ... wielding a +0 club
              (2 damage)
             ... on level 1 of the Dungeon.
             The game lasted 00:00:02 (44 turns).

qw the Shooter (Gargoyle Hunter)                      Turns: 44, Time: 00:00:03

Health: 0/12       AC:  5    Str: 14    XL:     1   Next: 50%
Magic:  1/1        EV: 11    Int:  9    God:
Gold:   0          SH:  0    Dex: 13    Spells: 0/0 levels left

rFire   . . .        a - +0 shortbow
rCold   . . .        (shield currently unavailable)
rNeg    + . .        c - +0 leather armour
rPois   inf          (no helmet)
rElec   +            (no cloak)
rCorr   .            (no gloves)
SInv    .            (no boots)
Will    .....        (no amulet)
Stlth   +            (no ring)
HPRegen 0.22/turn    (no ring)
MPRegen 0.07/turn

%: no passive effects
@: no status effects
A: sickness immunity, AC +2, negative energy resistance 1, electricity
resistance, torment resistance 1, petrification resistance
a: no special abilities


You were on level 1 of the Dungeon.
You visited 1 branch of the dungeon, and saw 1 of its levels.


Innate Abilities, Weirdness & Mutations

You are immune to sickness and miasma.
Your stone body is resilient. (AC +2)
You are immune to poison.
You resist negative energy. (rN+)
You are resistant to electric shocks. (rElec)
You are resistant to unholy torment.
You are immune to petrification.


   Skills:
 - Level 2.1 Fighting
 + Level 4.2 Ranged Weapons
 - Level 1.5 Dodging
 - Level 1.1 Stealth


You couldn't memorise any spells.
You didn't know any spells.
Your spell library was empty.

Inventory:

Hand Weapons
 a - a +0 shortbow (weapon)
Armour
 c - a +0 leather armour (worn)
Scrolls
 b - a scroll of butterflies

Dungeon Overview and Level Annotations

Branches:
Dungeon (1/15)

Altars:


Message History

You shoot an arrow.
The arrow hits the endoplasm but does no damage.
The endoplasm is moderately wounded.
You shoot an arrow. The arrow hits the endoplasm.
You kill the endoplasm!
Found a stone staircase leading down.
The golden eye turns its gaze towards you.
Found a book of the Senses.
Found a faded altar of an unknown god.
A kobold comes into view. It is wielding a +0 club.
The great orb of eyes turns its gaze towards you.
You see here 9 gold pieces.
You shoot an arrow. The arrow hits the kobold.
The kobold shouts!
The kobold is moderately wounded.
You hear an angry hiss.
You shoot an arrow. The arrow closely misses the kobold.
The floating eye turns its gaze towards you.
A frilled lizard comes into view.
The kobold throws a stone.
The stone misses you.
A gnoll comes into view. It is wielding a +0 spear.
You shoot an arrow. The arrow closely misses the kobold.
The gnoll shouts!
You shoot an arrow. The arrow barely misses the kobold.
You shoot an arrow. The arrow misses the frilled lizard.
The great orb of eyes pulsates ominously.
You shoot an arrow. The arrow misses the kobold.
The arrow hits the frilled lizard.
You kill the frilled lizard!
You shoot an arrow. The arrow closely misses the kobold.
The kobold hits you but does no damage.
You shoot an arrow. The arrow misses the kobold.
The kobold hits you with a +0 club.
The gnoll hits you from afar with a +0 spear.
You shoot an arrow. The arrow barely misses the kobold.
The kobold barely misses you.
An endoplasm comes into view.
The gnoll hits you from afar with a +0 spear.
The kobold hits you with a +0 club.
You die...

## ... . .## #.. ...#
#.# #.# .#.# 8.##### #.#
.#.# +
~.....#######.###...##.#
8.###...##.........>...#
#.# ###..#............#
.## ##..............# #
##...###.@.###.#
#...#G#.K.#G#
#...###..g###
#...........:.
#......._.....#
#.#............J
#.#.###...###..#
#.#.#G#...#G#..#


You could see a great orb of eyes, 2 floating eyes, a gnoll, a golden eye, an
endoplasm (wandering) and a kobold.

Vanquished Creatures
  An endoplasm (D:1)
  A hobgoblin (D:1)
  A frilled lizard (D:1)
3 creatures vanquished.

Notes
Turn   | Place    | Note
-------+----------+-------------------------------------------
     0 | D:1      | qw the Gargoyle Hunter began the quest for the Orb.
     0 | D:1      | Reached XP level 1. HP: 12/12 MP: 1/1
     0 | D:1      | 0 ||| qw: Version: 0.3-a-83-gcd0e7d8
     0 | D:1      | 0 ||| qw: Game counter: 1780
     0 | D:1      | 0 ||| qw: Melee chars always use a shield: true
     0 | D:1      | 0 ||| qw: God list: Okawaru
     0 | D:1      | 0 ||| qw: Allow faded altars: false
     0 | D:1      | 0 ||| qw: Do Orc after clearing Dungeon:15 true
     0 | D:1      | 0 ||| qw: Do second Lair branch before Depths: true
     0 | D:1      | 0 ||| qw: Lair rune preference: random
     0 | D:1      | 0 ||| qw: Goals: Normal
     0 | D:1      | 0 ||| PLANNING D:1-11
    25 | D:1      | Noticed a floating eye
    31 | D:1      | Noticed a golden eye
    33 | D:1      | Found a faded altar of an unknown god.
    35 | D:1      | Noticed a great orb of eyes
    35 | D:1      | Noticed a floating eye
    44 | D:1      | HP: 2/12 [gnoll/+0 spear (2)]
    44 | D:1      | Slain by a kobold

Levels and vault maps discovered:
D:1:      lightli_arrival_statue_moat, layout_basic,
          hellmonk_ecumenical_altar_watching_god

Action                     || total
---------------------------++-------
   Fire: Shortbow          ||    16
 Armour: Leather armour    ||     6
  Dodge: Dodged            ||     4

Table legend:
 A = Non-vault XP
 B = Vault XP
 C = Vault XP percentage of total XP
 D = Non-vault monster count
 E = Vault monster count
 F = Vault count percentage of total count
                 A         B        C        D         E       F
            +---------+---------+-------+---------+---------+-------
      Total |       5 |       0 |   0.0 |       3 |       0 |   0.0
            +---------+---------+-------+---------+---------+-------
        D:1 |       5 |       0 |   0.0 |       3 |       0 |   0.0
            +---------+---------+-------+---------+---------+-------
